 Dungeon Crawl Stone Soup version 0.25-a0-815-gab441bd002 (webtiles) character file.

Game seed: 18324553664144973425, levelgen mode: deterministic

130 Maedhros the Charlatan (level 5, -2/33 HPs)
             Began as an Octopode Artificer on Apr 20, 2020.
             Killed by divine providence
             ... invoked by an orc priest
              (10 damage)
             ... on level 4 of the Dungeon.
             The game lasted 00:01:35 (608 turns).

Maedhros the Charlatan (Octopode Artificer)          Turns: 608, Time: 00:01:36

Health: -2/33      AC:  1    Str: 11    XL:     5   Next: 14%
Magic:  6/8        EV: 13    Int: 13    God:
Gold:   40         SH:  0    Dex: 14    Spells: 4/4 levels left

rFire    . . .     SeeInvis .   g - +2 whip (venom)
rCold    . . .     Gourm    .   (no shield)
rNeg     . . .     Faith    .   (helmet restricted)
rPois    .         Spirit   .   (no amulet)
rElec    .         Reflect  .   (no ring)
rCorr    .         Harm     .   (no ring)
MR       .....                  (no ring)
Stlth    +++.......             (no ring)
HPRegen  0.11/turn              (no ring)
MPRegen  0.11/turn              (no ring)
                                (no ring)
                                (no ring)

@: no status effects
A: almost no armour, stealthy swim, amphibious, 8 rings, constrict 8, camouflage
1, gelatinous body 1
a: no special abilities


You were on level 4 of the Dungeon.
You were not hungry.

You visited 1 branch of the dungeon, and saw 4 of its levels.

You collected 40 gold pieces.

Inventory:

Hand Weapons
 g - a +2 whip of venom (weapon)
Missiles
 a - 6 curare-tipped darts (quivered)
Jewellery
 l - a +4 ring of protection {unknown}
Wands
 b - a wand of flame (9)
 c - a wand of enslavement (12)
 d - a wand of random effects (9)
Scrolls
 e - a scroll of amnesia {unknown}
 h - a scroll of enchant armour {unknown}
 i - a scroll of immolation {unknown}
 j - a scroll of teleportation {unknown}
 k - a scroll of identify {unknown}
Comestibles
 f - 6 rations


   Skills:
 - Level 1.0 Fighting
   Level 1.0 Short Blades
 - Level 2.0 Dodging
 + Level 3.6 Stealth
 * Level 3.1 Unarmed Combat
 + Level 4.1 Evocations


You had 4 spell levels left.
You didn't know any spells.
Your spell library was empty.

Dungeon Overview and Level Annotations

Branches:
Dungeon (4/15)
 Temple: D:4-7

Altars:
Okawaru


Innate Abilities, Weirdness & Mutations

You cannot wear most types of armour.
You are very stealthy in the water. (Stealth+)
You are amphibious.
You can wear up to eight rings at the same time.
You can use your tentacles to constrict eight enemies at once.
Your skin changes colour to match your surroundings (Stealth+).
Your rubbery body absorbs attacks. (AC +1, EV +1)


Message History

Pain shoots through your body!
* * * LOW HITPOINT WARNING * * *
Evoke which item? (* to show all) (? for menu, Esc to quit)
Aiming: Random Effects
Press: ? - help, Shift-Dir - straight line, f/p - gnoll
Aim: a gnoll, wielding a +1 spear of venom (moderately wounded)
Okay, then.
There is a stone staircase leading down here.
Something tries to affect you, but you resist.
Evoke which item? (* to show all) (? for menu, Esc to quit)
Aiming: Random Effects
Press: ? - help, Shift-Dir - straight line, f/p - gnoll
Aim: a gnoll, wielding a +1 spear of venom (moderately wounded)
The fireball explodes!
The fireball engulfs something!
The fireball engulfs the gnoll!
You kill the gnoll!
You hear a shout! x4; You hear a bark!
You hear a shout! x2; You hear a howl!
You hear something mumble some strange prayers to Beogh against you.
Beogh smites you!
You die...

#.# #.#
####.######
#....>....# ###
#.|.......#
g.g.
#.........#
g..#
#.........#
#..##...@.....#
#..#..>....<.#
#g..........#
##.(........#
#..........#
#.).##########
)o.## #..## #o


You could see an orc and a goblin.

Vanquished Creatures
  An orc priest (D:4)
  A worker ant (D:4)
  5 gnolls
  2 adders
  A leopard gecko (D:2)
  2 orcs (D:3)
  A bat (D:2)
  A frilled lizard (D:4)
  A kobold (D:3)
15 creatures vanquished.

Notes
Turn   | Place    | Note
-------+----------+-------------------------------------------
     0 | D:1      | Maedhros the Octopode Artificer began the quest for the
                  | Orb.
     0 | D:1      | Reached XP level 1. HP: 13/13 MP: 3/3
    64 | D:2      | Reached skill level 1 in Unarmed Combat
    64 | D:2      | Reached XP level 2. HP: 18/18 MP: 4/4
    87 | D:2      | Reached XP level 3. HP: 2/23 MP: 5/5
   401 | D:3      | Found an iron altar of Okawaru.
   476 | D:3      | Reached XP level 4. HP: 19/28 MP: 6/6
   600 | D:4      | Reached skill level 4 in Evocations
   601 | D:4      | Reached XP level 5. HP: 17/33 MP: 6/8
   608 | D:4      | Killed from afar by an orc priest

Levels and vault maps discovered:
D:1:      dpeg_arrival_round_a, layout_rooms, chequers_garden
D:2:      minmay_razor_zed, layout_basic, ashenzari_altar_1,
          minmay_pentomino_x2, uniq_crazy_yiuf_cottage, uniq_jessica
D:3:      layout_loops_ring, lemuel_doored_altar, okawaru_metal_pillars_3,
          marbit_many_paths
D:4:      gammafunk_steamed_eel, layout_rooms, elyvilon_altar_1,
          yredelemnul_altar_generic, lemuel_temple_firewalk_a, serial_shops,
          nicolae_shop_trees, uniq_edmund, uniq_robin

Skill      XL: |  1  2  3  4 |
---------------+-------------+-----
Unarmed Combat | 1 2 3 |  3.1
Stealth        | 2 3 |  3.6
Evocations     | 4 |  4.1
Fighting       | |  1.0
Short Blades   | |  1.0
Dodging        | |  2.0

Action                   |  1- 3 |  4- 6 || total
-------------------------+-------+-------++-------
Melee: Short sword       |     5 |       ||     5
       Constrict         |     7 |     1 ||     8
       Tentacles         |     2 |       ||     2
       Whip              |    12 |     3 ||    15
       Punch             |     1 |       ||     1
Evoke: Wand              |     8 |     7 ||    15
 Stab: Sleeping          |     1 |       ||     1
Armor: Skin              |     1 |       ||     1
Dodge: Dodged            |    16 |     3 ||    19

Table legend:
 A = Non-vault XP
 B = Vault XP
 C = Vault XP percentage of total XP
 D = Non-vault monster count
 E = Vault monster count
 F = Vault count percentage of total count
                 A         B        C        D         E       F
            +---------+---------+-------+---------+---------+-------
      Total |     187 |       0 |   0.0 |      15 |       0 |   0.0
            +---------+---------+-------+---------+---------+-------
        D:2 |      61 |       0 |   0.0 |       6 |       0 |   0.0
        D:3 |      21 |       0 |   0.0 |       4 |       0 |   0.0
        D:4 |     105 |       0 |   0.0 |       5 |       0 |   0.0
            +---------+---------+-------+---------+---------+-------
